 Dungeon Crawl Stone Soup version 0.25.0-11-g1f837a7 (webtiles) character file.

Game seed: 16336205590673553769

96 shmeve the Chopper (level 4, 0/61 HPs)
             Began as a Minotaur Berserker on June 24, 2020.
             Was a Believer of Trog.
             Slain by a goblin (3 damage)
             ... led by Robin
             ... on level 3 of the Dungeon.
             The game lasted 00:02:47 (2118 turns).

shmeve the Chopper (Minotaur Berserker)             Turns: 2118, Time: 00:02:48

Health: 0/61       AC:  2    Str: 22    XL:     4   Next: 41%
Magic:  3/3        EV: 12    Int:  4    God:    Trog [**....]
Gold:   54         SH:  0    Dex: 10    Spells: 3/3 levels left

rFire    . . .     SeeInvis .   a - +0 hand axe
rCold    . . .     Gourm    .   (no shield)
rNeg     . . .     Faith    .   b - +0 animal skin
rPois    .         Spirit   .   (helmet restricted)
rElec    .         Reflect  .   (no cloak)
rCorr    .         Harm     .   (no gloves)
MR       ++...                  (no boots)
Stlth    ..........             (no amulet)
HPRegen  1.20/turn              (no ring)
MPRegen  0.08/turn              (no ring)

@: berserking (expiring), regenerating, very quick
A: retaliatory headbutt, horns 2
a: Berserk, Trog's Hand, Renounce Religion


You were on level 3 of the Dungeon.
You worshipped Trog.
Trog was pleased with you.
You were hungry.

You visited 1 branch of the dungeon, and saw 3 of its levels.

You collected 54 gold pieces.

Inventory:

Hand Weapons
 a - a +0 hand axe (weapon)
Missiles
 d - 6 javelins (quivered)
Armour
 b - a +0 animal skin (worn)
Jewellery
 k - an uncursed ring of wizardry {unknown}
Scrolls
 h - a scroll of teleportation {unknown}
 i - a scroll of amnesia {unknown}
 j - 3 scrolls of fear {unknown}
 l - a scroll of identify {unknown}
 m - a scroll of enchant weapon {unknown}
Potions
 e - a potion of heal wounds {unknown}
 f - a potion of lignification {unknown}
 g - a potion of invisibility {unknown}
Comestibles
 c - 3 rations
 n - 7 chunks of flesh


   Skills:
 * Level 4.6 Fighting
 * Level 4.7 Axes
 + Level 1.0 Throwing
 + Level 3.0 Armour
 + Level 2.8 Dodging


You had 3 spell levels left.
You didn't know any spells.
Your spell library was empty.

Dungeon Overview and Level Annotations

Branches:
Dungeon (3/15)

Altars:
Zin

Annotations:
D:3 Robin


Innate Abilities, Weirdness & Mutations

You reflexively headbutt those who attack you in melee.
You have a pair of horns on your head.


Message History

You closely miss the goblin. You barely miss the goblin.
You hit the giant cockroach.
You kill the giant cockroach!
Trog accepts your kill.
You barely miss the hobgoblin. You hit the hobgoblin.
Robin says, "My army is invincible!"
Robin throws the goblin at you! The hobgoblin misses you.
The goblin misses you. The hobgoblin hits you.
* * * LOW HITPOINT WARNING * * *
The goblin barely misses you.
You slash Robin!
Robin is almost dead.
You closely miss the hobgoblin. You slash the hobgoblin!
You kill the hobgoblin!
Trog accepts your kill.
You barely miss the goblin. You slash the goblin!
You kill the goblin!
Trog accepts your kill.
You hit the goblin. Robin throws the goblin at you! The goblin hits you.
You die...

#..... ......
#....# ......
##....##......
###.....#.......
.(.............
.....Ks......
#.#g).......
#og@g......#
#.r.gg).......
#.s.##...#.###
#..... #...# ..
.!... ....# #
.#... ..... #...
...### #...
....#


You could see Robin, an orc, 2 giant cockroaches, a hobgoblin (strong), 3
goblins, a kobold and a rat.

Vanquished Creatures
  3 adders (D:2)
  A dart slug (D:1)
  2 leopard geckos
  9 bats
  5 giant cockroaches
  10 hobgoblins
  4 frilled lizards (D:1)
  12 goblins
  9 kobolds
  5 rats
60 creatures vanquished.

Notes
Turn   | Place    | Note
-------+----------+-------------------------------------------
     0 | D:1      | shmeve the Minotaur Berserker began the quest for the Orb.
     0 | D:1      | Reached XP level 1. HP: 19/19 MP: 0/0
   164 | D:1      | Reached XP level 2. HP: 24/27 MP: 1/1
  1050 | D:1      | Reached XP level 3. HP: 33/33 MP: 2/2
  1209 | D:2      | Found a glowing silver altar of Zin.
  1230 | D:2      | Reached ** piety under Trog
  1526 | D:2      | Reached XP level 4. HP: 25/41 MP: 3/3
  1878 | D:2      | Reached skill level 1 in Throwing
  2108 | D:3      | Noticed Robin
  2117 | D:3      | HP: 2/61 [hobgoblin[Robin] (3)]
  2118 | D:3      | Slain by a goblin

Illustrated notes

Levels and vault maps discovered:
D:1:      tarquinn_simple_flora_water_d, layout_basic, grunt_decor_mini_mirrors,
          chequers_decorated_corner
D:2:      layout_rooms, old_standard_altar
D:3:      wander_river, layout_rooms, first_ration, uniq_robin

Skill      XL: |  1  2  3  4 |
---------------+-------------+-----
Axes           | 4 |  4.7
Fighting       | 4 |  4.6
Armour         | 3 |  3.0
Throwing       | 1 |  1.0
Dodging        | |  2.8

Action                   |  1- 3 |  4- 6 || total
-------------------------+-------+-------++-------
Melee: Hand axe          |    80 |    19 ||    99
       Headbutt          |     9 |     1 ||    10
Invok: Berserk           |       |     1 ||     1
       Trog's Hand       |       |     1 ||     1
 Stab: Sleeping          |     1 |       ||     1
  Eat: Chunk             |     2 |     2 ||     4
Armor: Animal skin       |    29 |     2 ||    31
Dodge: Dodged            |    69 |    21 ||    90
